AoeStats
← Blaxpandarudaxie

Arabia

508211411Analyzed
1v1 RM · 10d ago on Sep 21, 2026· 46m 22s· 2 players
Game mode
Random Map
Map size
Tiny (2 player)
Population
200
Speed
Normal
Resources
Standard
Victory
Conquest
Starting age
Dark Age
Ending age
Imperial Age
RankedLock teamsTeams togetherTeam positionsShared explorationLock speedFull tech treeHidden civsTurbo modeCheats
Victory
Defeat
🇳🇱 Mongols · Netherlands
1256
+16
🇦🇷 Mongols · Argentina
1265
-16
Blaxpandarudaxie
6:02 Loom
6:15 Loom
10:25 Feudal Age
11:45 Double-Bit Axe
13:14 Scale Barding Armor
16:01 Horse Collar
17:23 Gold Mining
19:38 Wheelbarrow
23:43 Castle Age
22:28 Forging
22:32 Bloodlines
25:39 Bow Saw
26:27 Chain Barding Armor
26:38 Husbandry
27:57 Iron Casting
33:32 Stone Mining
36:12 Stone Shaft Mining
40:42 Hand Cart
40:49 Fletching
42:05 Gold Shaft Mining
42:35 Bodkin Arrow
43:28 Town Watch
49:13 Imperial Age
L`Hopital
12:30 Feudal Age
12:08 Loom
12:33 Man-at-Arms
13:10 Double-Bit Axe
19:17 Wheelbarrow
22:22 Castle Age
20:59 Horse Collar
21:11 Gold Mining
21:52 Bloodlines
22:23 Scale Barding Armor
23:08 Forging
24:06 Bow Saw
25:48 Chain Barding Armor
30:56 Hand Cart
31:00 Town Watch
32:17 Iron Casting
32:39 Squires
32:41 Scale Mail Armor
32:55 Pikeman
35:41 Husbandry
37:11 Chain Mail Armor
38:45 Fletching
44:00 Imperial Age
41:43 Bodkin Arrow
42:22 Heavy Plow
44:25 Padded Archer Armor
45:57 Blast Furnace
44:52 Crossbowman
46:09 Plate Mail Armor
Connection lost

Rejoining the realm…

Still unreachable

The connection could not be restored.

Session expired

The server has moved on; the page needs a fresh start.